 Dungeon Crawl Stone Soup version 0.29.1-12-g30fa7ad0bf (webtiles) character file.

Game seed: 4097573296496287371

220690 FizzleBangTC the Sorcerer (level 20, 52/174 HPs)
             Began as a Meteoran Earth Elementalist on Jan 1, 2023.
             Was an Elder of Kikubaaqudgha.
             Quit the game on level 5 of the Abyss on Jan 3, 2023.
             The game lasted 04:58:41 (5047 turns).

FizzleBangTC the Sorcerer (MeEE)                    Turns: 5047, Time: 04:58:41

Health: 52/174     AC: 22    Str: 10    XL:     20   Next: 18%
Magic:  13/47      EV: 15    Int: 26    God:    Kikubaaqudgha [****..]
Gold:   2256       SH:  0    Dex: 15    Spells: 23/64 levels left

rFire   + . .      SeeInvis .   b - staff of death
rCold   x . .      Faith    +   L - orb {light}
rNeg    + . .      Spirit   .   Y - quicksilver dragon scales
rPois   .          Reflect  .   (no helmet)
rElec   .          Harm     .   x - +2 cloak
rCorr   .          Rampage  .   C - +0 pair of gloves
Will    +++..                   c - +0 pair of boots
Stlth   +.........              R - amulet of Teusops {Faith rC- Regen+ Slay+5}
HPRegen 0.00/turn               K - +4 ring of protection {=R}
MPRegen 0.30/turn               Q - ring of protection from fire

@: death channelling, sick, glowing
A: sense surroundings 3, otherworldly, glowing, explore regen, ([teleportitis
2])
}: 2/15 runes: decaying, slimy
a: Renounce Religion, Unearth Wretches


You were on level 5 of the Abyss.
You worshipped Kikubaaqudgha.
Kikubaaqudgha was greatly pleased with you.
You visited 6 branches of the dungeon, and saw 34 of its levels.
You visited the Abyss 1 time.
You also visited: Sewer, Ossuary and Gauntlet.

You collected 2256 gold pieces.

Inventory:

Hand Weapons
 e - the +7 Spriggan's Knife {stab, EV+4 Stlth+}
   (You found it on level 5 of the Pits of Slime)

   It is more effective when stabbing unaware enemies, sometimes treating them
   as though they were completely helpless.
   EV:        It affects your evasion (+4).
   Stlth:     It makes you more stealthy.
 D - a +3 short sword of venom
Missiles
 f - 11 poisoned darts
 U - 4 curare-tipped darts {=F =f !f}
Armour
 c - a +0 pair of boots (worn)
 o - +0 acid dragon scales
 x - a +2 cloak (worn)
 C - a +0 pair of gloves (worn)
 L - an orb of light (worn)
 Y - quicksilver dragon scales (worn)
Magical Staves
 a - a staff of cold
 b - a staff of death (weapon)
 w - a staff of air
Jewellery
 q - a ring of poison resistance
 z - a ring of flight
 H - a +4 ring of protection
 I - the ring of the Voivode {Dex+6 SInv}
   (You found it in a Gauntlet)

   [ring of dexterity]

   Dex:       It affects your dexterity (+6).
   SInv:      It lets you see invisible.
 J - a ring of magical power
 K - a +4 ring of protection (left hand) {=R}
 Q - a ring of protection from fire (right hand)
 R - the amulet of Teusops (around neck) {Faith rC- Regen+ Slay+5}
   (You found it on level 5 of the Pits of Slime)

   [amulet of faith]

   It allows you to gain divine favour quickly.
   Slay:      It affects your accuracy & damage with ranged weapons and melee
   (+5).
   rC:        It makes you vulnerable to cold.
   Regen:     It increases your rate of health regeneration.
Wands
 k - a wand of acid (4)
 G - a wand of flame (10)
 N - a wand of paralysis (12)
 P - a wand of roots (8)
Scrolls
 g - a scroll of silence
 h - 3 scrolls of vulnerability
 i - 2 scrolls of teleportation
 j - 2 scrolls of blinking
 m - a scroll of summoning
 r - 6 scrolls of fear
 B - 4 scrolls of butterflies
 O - 2 scrolls of enchant weapon
 S - a scroll of brand weapon
 W - a scroll of noise {torm/noise, unknown}
Potions
 p - 4 potions of curing {@q1}
 s - a potion of degeneration {@w1}
 t - a potion of brilliance
 u - 3 potions of haste
 v - a potion of flight
 A - a potion of lignification
 E - a potion of invisibility
 F - 4 potions of mutation
 M - a potion of attraction
 X - 2 potions of might
 Z - a potion of berserk rage
Miscellaneous
 y - a phantom mirror
 V - a box of beasts


   Skills:
 - Level 14.0 Fighting
 - Level 9.2 Armour
 - Level 11.7 Dodging
 - Level 1.4 Stealth
 - Level 22.8 Spellcasting
 - Level 6.0 Conjurations
 + Level 18.2 Necromancy
 - Level 6.2 Translocations
 - Level 1.2 Transmutations
 - Level 9.0 Ice Magic
 - Level 7.0 Earth Magic
 - Level 6.0 Evocations


You had 23 spell levels left.
You knew the following spells:

 Your Spells              Type           Power      Damage    Failure   Level
a - Sandblast             Erth           100%       2d20      1%          1
b - Stone Arrow           Conj/Erth      100%       3d13      1%          3
c - Static Discharge      Conj/Air       45%        3-9/arc   1%          2
e - Sublimation of Blood  Necr           100%       N/A       0%          2
f - Dispel Undead         Necr           100%       3d31      0%          4
g - Anguish               Hex/Necr       43%        N/A       1%          4
h - Borgnjor's Vile Clut  Necr/Erth      48%        N/A       1%          5
i - Death Channel         Necr           56%        N/A       1%          6
j - Simulacrum            Ice/Necr       50%        N/A       1%          6
k - Passage of Golubria   Tloc           58%        N/A       1%          4
z - Passwall              Tmut/Erth      41%        N/A       1%          2
B - Blink                 Tloc           100%       N/A       1%          2

Your spell library contained the following spells:

 Spells                   Type           Power      Damage    Failure   Level
 Necrotise                Necr           100%       1d9       0%          1
 Animate Dead             Necr           100%       N/A       0%          4
 Lesser Beckoning         Tloc           58%        N/A       1%          3
 Corpse Rot               Necr/Pois/Air  75%        N/A       2%          4
 Petrify                  Tmut/Erth      50%        N/A       4%          4
 Manifold Assault         Tloc           58%        N/A       6%          5
 Tukima's Dance           Hex            29%        N/A       8%          3
 Sticky Flame             Conj/Fire      45%        2d6       8%          4
 Yara's Violent Unravell  Hex/Tmut       16%        3d8       50%         5


Dungeon Overview and Level Annotations

Branches:
Dungeon (15/15) Zot: 7128  Temple (1/1) D:4 Zot: 541    Lair (5/5) D:8 Zot: 1932
  Swamp (4/4) Lair:2 Zot: 2040   Slime (5/5) Lair:5 Zot: 2577     Orc (0/2) D:12
 Depths (4/4) D:15 Zot: 1788     Zot (0/5) Depths:4      Sewer (visited)
Ossuary (visited)         Gauntlet (visited)
  Snake: Lair:2-3    Spider: Lair:2-3    Vaults: D:13-14

Altars:
Elyvilon
Fedhas
Gozag
Hepliaklqana
Kikubaaqudgha
Nemelex Xobeh
Okawaru
Ru
Sif Muna
Trog
Uskayaw
Wu Jian
Xom
Yredelemnul
Jiyva

Shops:
D:7 *   Depths:1 :

Portals:
Hell: Depths:3
Abyss: Depths:3
Pandemonium: Depths:1
Ziggurat: Depths:3


Innate Abilities, Weirdness & Mutations

You passively map a large area around you.
You are easily found by Zot.
You glow in the dark.
You regain HP and MP as you explore.
[((You are often teleported next to monsters.))]


Message History

Something touches your wretched star.
Your tentacled starspawn bites the smoke demon.
Your tentacled starspawn tentacle-slaps the smoke demon.
The crystal guardian fires a crystalline bolt at your spectral acid blob.
The crystal bolt freezes your spectral acid blob!!
Your spectral acid blob resists.
The crystal bolt freezes your spectral hell hog!
Your spectral hell hog resists.
The crystal bolt freezes your spectral hell hog!!
Your spectral hell hog resists.
The crystal bolt freezes your spectral acid blob!!
Your spectral acid blob resists.
The crystal bolt freezes the crystal guardian.
The crystal guardian completely resists.
Your starcursed mass touches the smoke demon.
Press: ? - help, v - describe, . - travel
Here: a crystal guardian (ally target)
The floor.
Unknown command.
Press: ? - help, v - describe, . - travel
Here: a starcursed mass (summoned, friendly, haloed)
The floor.
Okay, then.
Okay, then.
Unknown command.
Unknown command.
Unknown command.
Press: ? - help, v - describe, . - travel
Here: a crystal guardian (ally target)
The floor.
Unknown command.
Press: ? - help, v - describe, . - travel
Here: a tentacled starspawn (lightly damaged, summoned, friendly, haloed)
The floor.
Okay, then.
Okay, then.
Unknown command.
Press: ? - help, v - describe, . - travel
Here: a crystal guardian (ally target)
The floor.
Okay, then.
Unknown command.
Unknown command.
You swap places.
The smoke demon completely misses you.
The smoke demon hits you but does no damage.
The smoke demon hits you.
* * * LOW HITPOINT WARNING * * *
The raiju bursts into living lightning!
The living lightning hits your wretched star.
Your wretched star resists.
The raiju blinks! x2; The raiju is wracked by anguish.
Your wretched star is engulfed in freezing vapours.
Something touches your wretched star.
Something hits your spectral acid blob but does no damage.
Press: ? - help, v - describe, . - travel
Here: a starcursed mass (summoned, friendly, haloed)
The floor.
Unknown command.
Press: ? - help, . - travel You can't see that place.
Okay, then.
Okay, then.
Unknown command.
Unknown command.
Unknown command.
Unknown command.
Unknown command.
Unknown command.
Okay, then.
Unknown command.
Unknown command.
Press: ? - help, v - describe, . - travel
Here: a smoke demon (lightly wounded, ally target, haloed)
The floor.
Unknown command.
Unknown command.
Unknown command.
Press: ? - help, v - describe, . - travel
Here: a starcursed mass (summoned, friendly, haloed)
The floor.
Unknown command.
Press: ? - help, v - describe, . - travel
Here: a smoke demon (lightly wounded, ally target, haloed)
The floor.
Unknown command.
Aiming: Paralyse
Press: ? - help, Shift-Dir - straight line, f - smoke demon, p - starcursed mass
Aim: a smoke demon (lightly wounded, ally target, haloed, chance to affect: 29%)
Okay, then.
Okay, then.
Unknown command.
Blink to where?
Press: ? - help, Dir - move target, p - starcursed mass
As you read the scroll of blinking, it crumbles to dust.
Okay, then.
Saving game... please wait.
Welcome back, FizzleBangTC the Meteoran Earth Elementalist.
Kikubaaqudgha says: Spread unending torment and darkness!
Press ? for a list of commands and other information.
Are you sure you want to abandon this character and quit the game? (Confirm with "yes".)

## #. #... ## #.
..9.. .. .##..
#.#.. .# #
#.###. . . *#v
.. # #.@#. .#..
# .. ..#
#...†.##X# ...
v# †
......#†#.9Z.# .
Z
..#.##.##ZZ#Z##.
#.ZZ ..
###.#.ZZ#.## Z #
† .# #
.#.#G#.#Z. # ##
## ..#.3X## # #
#†.##XZX# . †
#####*X##. #


You could see a smoke demon, a friendly glowing orange brain (summoned), a
friendly wolf spider simulacrum, 2 friendly cherub simulacra and a friendly
demonspawn warmonger simulacrum.

Vanquished Creatures
  An azure jelly (Slime:5)
  An angel (Abyss:5)
  A caustic shrike skeleton (Depths:3)
  An ophan (Abyss:5)
  An entropy weaver (D:12)
  2 hydras
  A rakshasa (Depths:3)
  2 dancing weapons (Abyss:5)
  A ghost crab (D:12)
  2 two-headed ogres
  2 hell hogs (Abyss:5)
  A spriggan berserker (Swamp:3)
  2 salamander mystics (Depths:3)
  2 skeletal warriors (D:12)
  A wretched star (Abyss:5)
  4 fire crabs (D:12)
  A flayed ghost (Depths:3)
  3 bog bodies (Lair:2)
  A deep troll (Depths:3)
  A storm dragon skeleton (Depths:1)
  A spriggan simulacrum (Depths:1)
  A lindwurm (Lair:4)
  A necromancer (Depths:3)
  An ugly thing (Depths:3)
  A deep elf pyromancer (D:12)
  An oklob plant (Gauntlet)
  3 black mambas
  2 unseen horrors (D:12)
  3 cane toads
  A demonic crawler (Lair:3)
  A freezing wraith (D:15)
  A komodo dragon (Lair:3)
  A rime drake (Lair:5)
  A meliai (Gauntlet)
  2 trolls
  A hornet (Lair:5)
  2 blink frogs (Lair:1)
  A raiju (Abyss:5)
  A wraith (D:10)
  2 yaks
  4 wyverns
  4 large abominations
  A steam dragon (D:6)
  A redback (Lair:5)
  A neqoxec (Abyss:5)
  4 vampire mosquitoes (D:12)
  4 swamp worms
  3 acid dragons
  9 water moccasins
  4 orc warriors
  An ice beast (D:6)
  A black bear (D:4)
  4 wolves
  An ogre (D:15)
  A centaur (D:8)
  A kobold brigand (D:5)
  2 bullfrogs (Sewer)
  2 necrophages (D:6)
  A gnoll sergeant (D:9)
  A scorpion (D:5)
  5 water moccasin zombies (Ossuary)
  8 wights
  6 killer bees (D:9)
  An electric eel (Lair:2)
  4 howler monkeys
  7 orc priests
  3 hounds
  A gnoll bouda (D:8)
  4 iguanas
  11 orc wizards
  2 mummies (Ossuary)
  10 adders
  8 gnolls
  3 gnoll zombies
  4 river rats (D:4)
  A white imp (D:8)
  An ufetubus (D:5)
  4 adder zombies (Ossuary)
  A worm (D:3)
  A dart slug (D:2)
  17 orcs
  3 bats
  2 endoplasms (D:4)
  11 giant cockroaches (Sewer)
  3 goblins
  A hobgoblin (D:4)
  3 quokkas
  7 ball pythons
  6 frilled lizards (Sewer)
  5 hobgoblin zombies (Ossuary)
  10 kobolds
  3 kobold zombies (Ossuary)
  5 orc zombies (Ossuary)
  2 rats
272 creatures vanquished.

Vanquished Creatures (collateral kills)
  the Royal Jelly (Slime:5)
  the Lernaean hydra (Swamp:4)
  Frederick (Depths:1)
  3 caustic shrikes (Depths:4)
  3 golden dragons (Depths:4)
  Mlioglotl (Swamp:1)
  A quicksilver dragon (Depths:3)
  13 acid blobs
  An ancient champion (Depths:1)
  A sphinx (Depths:3)
  Kirke (Swamp:3)
  2 tentacled starspawn (Abyss:5)
  3 tengu reavers
  A shadow dragon (Depths:3)
  A draconian monk (Depths:4)
  2 fenstrider witches (Swamp:4)
  2 fire giants (Depths:1)
  9 rockslimes
  10 azure jellies
  A vault warden (Abyss:5)
  A frost giant (Depths:3)
  4 spriggan defenders (Depths:3)
  6 very ugly things (Depths:3)
  7 quicksilver oozes
  2 stone giants
  An ophan (Abyss:5)
  3 eleionomae
  A vampire knight (Depths:1)
  4 starcursed masses (Abyss:5)
  A demonspawn black sun (Abyss:5)
  A bunyip (Swamp:3)
  A minotaur (Gauntlet)
  A green draconian (Depths:4)
  A yellow draconian (Depths:4)
  A white draconian (Depths:4)
  A deep elf death mage (Depths:3)
  An ettin (D:15)
  A fire dragon (Depths:3)
  A quicksilver dragon zombie (Depths:3)
  5 great orbs of eyes
  A shambling mangrove (Swamp:2)
  16 hydras
  4 ice dragons
  2 ogre magi (D:15)
  A ghost crab (Swamp:4)
  2 spriggan air magi (Swamp:1)
  3 boulder beetles
  A dancing weapon (Abyss:5)
  5 two-headed ogres (D:15)
  5 alligators
  4 deep troll earth magi
  4 deep troll shamans (Depths:3)
  A tengu warrior (D:15)
  A hell hog (Abyss:5)
  5 spriggan berserkers
  3 hell knights (Depths:1)
  A shadow wraith (Depths:3)
  A wretched star (Abyss:5)
  A salamander mystic (Depths:3)
  A spatial maelstrom (Abyss:5)
  4 goliath frogs
  5 skeletal warriors
  A death drake (Swamp:1)
  A flayed ghost (Depths:3)
  5 iron trolls
  9 deep trolls
  3 lindwurms (Lair:4)
  8 swamp dragons
  6 necromancers
  2 cherubim (Abyss:5)
  A bog body (Swamp:3)
  2 wolf spiders
  2 shining eyes
  13 ugly things
  A manticore (shapeshifter) (Depths:2)
  A shadow dragon skeleton (Depths:2)
  A will-o-the-wisp (Swamp:3)
  7 salamanders (Depths:3)
  A manticore (D:11)
  2 eyes of devastation
  A guardian serpent (Lair:5)
  4 black mambas (Lair:5)
  3 smoke demons (Abyss:5)
  7 cane toads (Lair:5)
  An unseen horror (D:11)
  A rime drake (Lair:5)
  A komodo dragon (D:12)
  A tengu conjurer (Depths:1)
  2 hellwings (Abyss:5)
  2 ancient zymes (Abyss:5)
  A golden dragon simulacrum (Depths:2)
  3 meliai (D:15)
  2 polar bears (Lair:5)
  A tengu simulacrum (Depths:2)
  3 blink frogs
  2 raiju (Abyss:5)
  9 hornets
  A tyrant leech (Swamp:1)
  31 slime creatures
  An ettin zombie (Depths:1)
  2 spriggan zombies
  A large abomination (Abyss:5)
  5 spriggans
  3 flying skulls (Abyss:5)
  6 wyverns (Lair:5)
  A basilisk (Lair:3)
  2 chaos spawn (Abyss:5)
  7 yaks
  10 golden eyes
  3 hogs (Swamp:3)
  A redback (Lair:5)
  A neqoxec (Abyss:5)
  4 swamp worms
  A glowing shapeshifter zombie (Depths:2)
  An acid dragon (Gauntlet)
  A spatial vortex (Abyss:5)
  9 water moccasins
  An orc warrior (D:9)
  12 swamp drakes
  A floating eye zombie (Depths:3)
  An ogre (D:15)
  13 wolves
  3 small abominations (Abyss:5)
  5 orc wizards
  A worm (D:15)
  8 orcs
  2 starspawn tentacles (Abyss:5)
421 creatures vanquished.

Vanquished Creatures (others)
  4 acid blobs
  A sphinx (D:15)
  A tengu reaver (Depths:3)
  A fire giant (Depths:3)
  A vault warden (Abyss:5)
  4 demonspawn warmongers (Abyss:5)
  5 azure jellies
  A rockslime (Slime:1)
  A deep elf sorcerer (Abyss:5)
  5 frost giants
  3 demonspawn blood saints (Abyss:5)
  A demonspawn corrupter (Abyss:5)
  3 quicksilver oozes
  A very ugly thing (Depths:3)
  13 stone giants
  A demonspawn black sun (Abyss:5)
  An eleionoma (Swamp:4)
  A spark wasp (Depths:2)
  A deep elf death mage (Abyss:5)
  7 ettins
  3 great orbs of eyes
  A yaktaur captain (Abyss:5)
  10 ice dragons
  2 deep elf high priests (Abyss:5)
  10 fire dragons
  A boulder beetle (D:12)
  2 spriggan air magi
  2 centaur warriors
  An ogre mage (Abyss:5)
  4 hydras
  An alligator (Swamp:4)
  6 deep troll shamans
  3 spriggan berserkers
  6 tengu warriors
  7 deep troll earth magi
  2 azure jelly zombies (Slime:5)
  4 hell knights
  2 goliath frogs
  A sea snake (Gauntlet)
  A sea snake (shapeshifter) (Abyss:5)
  2 death drakes
  2 deep trolls
  2 glowing orange brains (Depths:1)
  A spriggan rider (Swamp:4)
  2 wizards (Depths:3)
  A deep elf zephyrmancer (Gauntlet)
  An ugly thing zombie (Depths:3)
  A wolf spider (Abyss:5)
  2 fire giant zombies (Depths:1)
  An eleionoma zombie (Swamp:4)
  2 necromancers (Depths:4)
  A manticore (Gauntlet)
  2 stone giant zombies (Depths:1)
  2 shining eyes
  An elephant (shapeshifter) (Depths:3)
  An eye of devastation (Slime:5)
  A cane toad (Lair:4)
  A swamp worm zombie (Swamp:4)
  2 komodo dragons
  2 tengu conjurers (Depths:3)
  3 polar bears
  2 tyrant leeches
  A death drake zombie (Swamp:4)
  A bloated husk (Swamp:1)
  A hornet (Abyss:5)
  An alligator zombie (Swamp:4)
  12 slime creatures
  2 blink frogs (Lair:1)
  An ice dragon zombie (Depths:1)
  A snapping turtle (shapeshifter) (D:12)
  A spriggan zombie (Swamp:4)
  4 wyverns
  A yak (Lair:1)
  A basilisk (Lair:5)
  A golden eye (Slime:3)
  7 slime creature zombies
  A tyrant leech zombie (Swamp:4)
  A human zombie (Depths:1)
  3 tengu zombies (Depths:1)
  2 water moccasins
  A floating eye (Depths:4)
  A cane toad zombie (Lair:5)
  An orc warrior (D:12)
  A ghost crab zombie (Swamp:4)
  A swamp dragon zombie (Swamp:4)
  2 swamp drakes
  A starcursed mass (Abyss:5)
  6 wolves
  A centaur (D:15)
  A rime drake zombie (Lair:5)
  A kobold brigand (D:15)
  A bullfrog (Lair:5)
  2 water moccasin zombies (Lair:5)
  2 polar bear zombies
  9 wolf zombies
  A hound (D:12)
  5 swamp drake zombies (Swamp:4)
  An adder (D:15)
  A dart slug (D:15)
  An orc (D:15)
  An orc zombie (D:9)
  4 foxfires (Swamp:3)
  34 fungi
  A lurking horror (Abyss:5)
  64 plants
  7 starspawn tentacles
353 creatures vanquished.

Grand Total: 1046 creatures vanquished

Notes
Turn   | Place    | Note
-------+----------+-------------------------------------------
     0 | D:1      | FizzleBangTC the Meteoran Earth Elementalist began the
                  | quest for the Orb.
     0 | D:1      | Reached XP level 1. HP: 14/14 MP: 5/5
   124 | D:3      | Reached XP level 2. HP: 20/20 MP: 3/6
   131 | D:3      | Learned a level 2 spell: Passwall
   138 | D:3      | Noticed a hound
   146 | D:2      | Reached skill level 5 in Earth Magic
   146 | D:2      | Reached XP level 3. HP: 15/26 MP: 6/8
   148 | D:2      | Reached XP level 4. HP: 19/33 MP: 5/9
   152 | D:2      | Learned a level 3 spell: Stone Arrow
   227 | D:3      | Reached skill level 1 in Conjurations
   237 | D:5      | Entered Level 5 of the Dungeon
   254 | D:5      | Reached XP level 5. HP: 38/38 MP: 8/10
   334 | D:4      | HP: 6/38 [river rat (7)]
   341 | D:4      | HP: 1/38 [river rat (7)]
   342 | D:4      | Reached XP level 6. HP: 1/45 MP: 9/11
   351 | D:4      | Found a glowing drain.
   355 | Sewer    | Entered a sewer
   369 | Sewer    | Reached skill level 3 in Spellcasting
   515 | Sewer    | Reached skill level 4 in Spellcasting
   533 | Sewer    | Reached skill level 5 in Spellcasting
   533 | Sewer    | Reached XP level 7. HP: 30/50 MP: 9/16
   567 | D:4      | Learned a level 2 spell: Static Discharge
   659 | D:4      | Found a staircase to the Ecumenical Temple.
   666 | Temple   | Entered the Ecumenical Temple
   695 | Temple   | Became a worshipper of Kikubaaqudgha
   861 | D:5      | Reached XP level 8. HP: 57/57 MP: 15/17
   863 | D:5      | Reached skill level 5 in Conjurations
   907 | D:5      | Reached skill level 1 in Necromancy
  1025 | D:6      | Reached * piety under Kikubaaqudgha
  1025 | D:6      | Received a gift from Kikubaaqudgha
  1035 | D:6      | Learned a level 4 spell: Animate Dead
  1038 | D:6      | Learned a level 2 spell: Sublimation of Blood
  1043 | D:6      | Learned a level 4 spell: Dispel Undead
  1051 | D:6      | Noticed a steam dragon
  1054 | D:6      | Killed a steam dragon
  1055 | D:6      | Reached skill level 5 in Necromancy
  1055 | D:6      | Gained mutation: You passively map the area around you.
                  | [Meteoran growth]
  1055 | D:6      | Reached XP level 9. HP: 55/62 MP: 14/18
  1091 | D:6      | Identified the +10 falchion "Cionieh" {vorpal, Str+2 Dex+4}
  1097 | D:7      | Noticed a two-headed ogre
  1097 | D:7      | Found a hazy altar of Hepliaklqana.
  1101 | D:7      | Found Nujifoke's General Store.
  1108 | D:7      | Killed a two-headed ogre
  1109 | D:7      | Reached skill level 8 in Spellcasting
  1127 | D:8      | Learned a level 4 spell: Anguish
  1157 | D:10     | Entered Level 10 of the Dungeon
  1161 | D:10     | Reached skill level 9 in Spellcasting
  1161 | D:10     | Reached skill level 1 in Fighting
  1181 | D:10     | Reached XP level 10. HP: 77/77 MP: 12/24
  1221 | D:9      | Reached skill level 5 in Fighting
  1221 | D:9      | Reached ** piety under Kikubaaqudgha
  1382 | D:8      | Found a staircase to the Lair.
  1392 | D:8      | Found a sand-covered staircase.
  1396 | Ossuary  | Entered an ossuary
  1450 | Ossuary  | Reached *** piety under Kikubaaqudgha
  1450 | Ossuary  | Received a gift from Kikubaaqudgha
  1520 | Ossuary  | Learned a level 5 spell: Borgnjor's Vile Clutch
  1536 | Lair:1   | Entered Level 1 of the Lair of Beasts
  1539 | Lair:1   | Noticed a cane toad
  1542 | Lair:1   | Killed a cane toad
  1543 | Lair:1   | Reached skill level 10 in Spellcasting
  1547 | Lair:1   | Noticed a komodo dragon
  1563 | Lair:1   | Noticed a komodo dragon
  1569 | Lair:1   | Reached XP level 11. HP: 86/95 MP: 21/26
  1572 | Lair:1   | Reached skill level 11 in Spellcasting
  1589 | Lair:1   | Learned a level 6 spell: Death Channel
  1590 | Lair:2   | Noticed a six-headed hydra
  1616 | Lair:2   | Noticed a bog body
  1617 | Lair:2   | Noticed a bog body
  1628 | Lair:2   | Killed a bog body
  1630 | Lair:2   | Killed a bog body
  1641 | Lair:2   | Reached skill level 10 in Necromancy
  1717 | Lair:3   | Found a dark tunnel.
  1731 | Lair:3   | Reached XP level 12. HP: 103/103 MP: 28/28
  1811 | Lair:3   | Reached **** piety under Kikubaaqudgha
  1854 | Lair:3   | Noticed a spriggan rider
  1875 | Lair:4   | Reached skill level 12 in Spellcasting
  1877 | Lair:4   | Noticed a lindwurm
  1877 | Lair:4   | Noticed a lindwurm
  1879 | Lair:4   | Noticed a lindwurm
  1883 | Lair:4   | Noticed a boulder beetle
  1916 | Lair:4   | Noticed a lindwurm
  1917 | Lair:4   | Killed a boulder beetle
  1924 | Lair:4   | Killed a lindwurm
  1925 | Lair:4   | Reached skill level 13 in Spellcasting
  1928 | Lair:4   | Killed a lindwurm
  1936 | Lair:4   | Killed a lindwurm
  1940 | Lair:4   | Killed a lindwurm
  1991 | Lair:4   | Reached skill level 14 in Spellcasting
  1991 | Lair:4   | Reached skill level 1 in Ice Magic
  1998 | Lair:4   | Learned a level 6 spell: Simulacrum
  2005 | Lair:5   | Entered Level 5 of the Lair of Beasts
  2104 | Lair:5   | Reached skill level 5 in Ice Magic
  2106 | Lair:5   | Reached XP level 13. HP: 73/108 MP: 8/32
  2273 | Lair:5   | Noticed a boulder beetle
  2284 | Lair:5   | Killed a boulder beetle
  2334 | Lair:5   | Noticed an eight-headed hydra
  2340 | Lair:5   | Killed an eight-headed hydra
  2396 | Lair:5   | Found a gate leading to a gauntlet.
  2397 | Lair:5   | Reached ***** piety under Kikubaaqudgha
  2406 | Gauntlet | Entered a Gauntlet
  2406 | Gauntlet | Found a transporter.
  2406 | Gauntlet | Found a transporter.
  2408 | Gauntlet | Found a transporter.
  2408 | Gauntlet | Found a transporter.
  2415 | Gauntlet | Found a transporter.
  2425 | Gauntlet | Found a runed translucent door.
  2426 | Gauntlet | Found a runed translucent door.
  2428 | Gauntlet | Found a transporter.
  2428 | Gauntlet | Found a transporter.
  2443 | Gauntlet | Found a transporter.
  2446 | Gauntlet | Identified the ring of the Voivode {Dex+6 SInv}
  2448 | Gauntlet | Found a transporter.
  2453 | Gauntlet | Noticed a centaur warrior
  2461 | Gauntlet | Noticed a minotaur
  2473 | Gauntlet | Killed a minotaur
  2474 | Gauntlet | Reached skill level 15 in Necromancy
  2500 | Lair:5   | Found a viscous altar of Jiyva.
  2500 | Lair:5   | Found a staircase to the Slime Pits.
  2507 | Slime:1  | Entered Level 1 of the Pits of Slime
  2507 | Slime:1  | Noticed a rockslime
  2507 | Slime:1  | Noticed an azure jelly
  2507 | Slime:1  | Noticed a quicksilver ooze
  2513 | Slime:1  | Killed a quicksilver ooze
  2515 | Slime:1  | Killed an azure jelly
  2515 | Slime:1  | Killed a rockslime
  2516 | Slime:1  | Reached XP level 14. HP: 116/116 MP: 25/33
  2516 | Slime:1  | Noticed an azure jelly
  2522 | Slime:1  | Killed an azure jelly
  2531 | Slime:2  | Noticed a quicksilver ooze
  2531 | Slime:2  | Noticed an acid blob
  2531 | Slime:2  | Noticed an azure jelly
  2532 | Slime:2  | Noticed an acid blob
  2537 | Slime:2  | Killed an azure jelly
  2553 | Slime:3  | Noticed an azure jelly
  2561 | Slime:3  | Noticed an azure jelly
  2568 | Slime:3  | Killed an azure jelly
  2571 | Slime:3  | Noticed a rockslime
  2577 | Slime:3  | Killed a rockslime
  2579 | Slime:3  | Noticed a quicksilver ooze
  2585 | Slime:3  | Killed a quicksilver ooze
  2617 | Slime:4  | Reached skill level 10 in Fighting
  2628 | Slime:5  | Entered Level 5 of the Pits of Slime
  2649 | Slime:5  | Noticed an acid blob
  2655 | Slime:5  | Killed an acid blob
  2662 | Slime:5  | Noticed an acid blob
  2663 | Slime:5  | Noticed an acid blob
  2667 | Slime:5  | Killed an acid blob
  2668 | Slime:5  | Reached XP level 15. HP: 130/130 MP: 34/34
  2670 | Slime:5  | Killed an acid blob
  2677 | Slime:5  | Found a viscous altar of Jiyva.
  2677 | Slime:5  | Noticed an acid blob
  2678 | Slime:5  | Noticed the Royal Jelly
  2684 | Slime:5  | Noticed a rockslime
  2684 | Slime:5  | Noticed an azure jelly
  2685 | Slime:5  | Noticed a rockslime
  2685 | Slime:5  | Noticed a rockslime
  2687 | Slime:5  | Noticed a rockslime
  2688 | Slime:5  | Killed a rockslime
  2703 | Slime:5  | Killed a rockslime
  2703 | Slime:5  | Killed a rockslime
  2707 | Slime:5  | Noticed a quicksilver ooze
  2707 | Slime:5  | Noticed a quicksilver ooze
  2708 | Slime:5  | Killed a quicksilver ooze
  2709 | Slime:5  | Noticed a rockslime
  2709 | Slime:5  | Killed an acid blob
  2710 | Slime:5  | Noticed a rockslime
  2710 | Slime:5  | Killed a rockslime
  2711 | Slime:5  | Noticed an azure jelly
  2711 | Slime:5  | Noticed an azure jelly
  2711 | Slime:5  | Noticed an acid blob
  2711 | Slime:5  | Killed an acid blob
  2712 | Slime:5  | Noticed an acid blob
  2712 | Slime:5  | Noticed an acid blob
  2712 | Slime:5  | Noticed an acid blob
  2713 | Slime:5  | Noticed a quicksilver ooze
  2713 | Slime:5  | Noticed an azure jelly
  2713 | Slime:5  | Killed an acid blob
  2713 | Slime:5  | Killed an azure jelly
  2713 | Slime:5  | Killed an azure jelly
  2714 | Slime:5  | Killed an azure jelly
  2714 | Slime:5  | Noticed an acid blob
  2714 | Slime:5  | Killed a quicksilver ooze
  2714 | Slime:5  | Killed a quicksilver ooze
  2715 | Slime:5  | Killed the Royal Jelly
  2716 | Slime:5  | Noticed a rockslime
  2716 | Slime:5  | Noticed an azure jelly
  2716 | Slime:5  | Noticed an acid blob
  2716 | Slime:5  | Killed a rockslime
  2716 | Slime:5  | Killed a rockslime
  2717 | Slime:5  | Noticed an azure jelly
  2718 | Slime:5  | Killed an azure jelly
  2719 | Slime:5  | Noticed a quicksilver ooze
  2719 | Slime:5  | Killed an acid blob
  2719 | Slime:5  | Noticed an azure jelly
  2719 | Slime:5  | Killed a rockslime
  2719 | Slime:5  | Killed a quicksilver ooze
  2720 | Slime:5  | Killed an acid blob
  2720 | Slime:5  | Killed an acid blob
  2722 | Slime:5  | Killed an acid blob
  2723 | Slime:5  | Killed an azure jelly
  2724 | Slime:5  | Killed an azure jelly
  2730 | Slime:5  | Found the +8 Vampire's Tooth {vamp}
  2746 | Slime:5  | Found the +7 Spriggan's Knife {stab, EV+4 Stlth+}
  2758 | Slime:5  | Identified the ring "Devafrot" {Will+ rCorr Int-5 Dex+8}
  2760 | Slime:5  | Noticed an azure jelly
  2763 | Slime:5  | Noticed an acid blob
  2768 | Slime:5  | Killed an azure jelly
  2768 | Slime:5  | Killed an acid blob
  2769 | Slime:5  | Reached skill level 1 in Armour
  2780 | Slime:5  | Got a slimy rune of Zot
  2781 | Slime:5  | Killed an acid blob
  2782 | Slime:5  | Reached skill level 1 in Evocations
  2819 | Slime:5  | Identified the +1 plate armour of Benevolence {SInv}
  2820 | Slime:5  | Identified the amulet of Teusops {Faith rC- Regen+ Slay+5}
  2848 | Slime:5  | Learned a level 2 spell: Blink
  2850 | Slime:5  | Identified the +6 dagger of Sudden Death {holy, Str+2}
  3005 | Lair:2   | Found a staircase to the Swamp.
  3030 | Swamp:1  | Entered Level 1 of the Swamp
  3044 | Swamp:1  | Noticed Mlioglotl
  3051 | Swamp:1  | Killed Mlioglotl
  3061 | Swamp:1  | Reached skill level 5 in Evocations
  3069 | Swamp:1  | Reached XP level 16. HP: 146/146 MP: 16/35
  3076 | Swamp:1  | You fall into a shaft and drop 1 floor!
  3099 | Swamp:2  | Reached skill level 5 in Armour
  3144 | Swamp:4  | Entered Level 4 of the Swamp
  3176 | Swamp:4  | Reached skill level 5 in Dodging
  3178 | Swamp:4  | Noticed the 27-headed Lernaean hydra
  3179 | Swamp:4  | Killed the 27-headed Lernaean hydra
  3199 | Swamp:4  | Noticed a fenstrider witch
  3200 | Swamp:4  | Killed a fenstrider witch
  3201 | Swamp:4  | Reached skill level 10 in Dodging
  3212 | Swamp:4  | Got a decaying rune of Zot
  3218 | Swamp:4  | Noticed a fenstrider witch
  3223 | Swamp:4  | Killed a fenstrider witch
  3225 | Swamp:4  | Noticed a tentacled monstrosity
  3263 | Swamp:3  | Noticed Kirke
  3275 | Swamp:3  | Killed Kirke
  3285 | Swamp:3  | Reached XP level 17. HP: 152/152 MP: 29/36
  3401 | D:8      | Found an ornate altar of the Wu Jian Council.
  3509 | D:11     | Learned a level 4 spell: Passage of Golubria
  3647 | D:12     | Found a staircase to the Orcish Mines.
  3664 | D:12     | Reached skill level 1 in Translocations
  3724 | D:12     | Found a runed translucent door.
  3778 | D:12     | Reached skill level 5 in Translocations
  3861 | D:12     | Found a hide-covered altar of Uskayaw.
  3920 | D:12     | Identified a scroll of acquirement
  3920 | D:12     | Acquired 1271 gold pieces
  3979 | D:15     | Entered Level 15 of the Dungeon
  4024 | D:15     | Reached skill level 15 in Spellcasting
  4037 | D:15     | Reached skill level 16 in Spellcasting
  4063 | D:15     | Found a staircase to the Depths.
  4069 | Depths:1 | Entered Level 1 of the Depths
  4069 | Depths:1 | Found Uthroak's Book Emporium.
  4069 | Depths:1 | Found a one-way gate leading to the halls of Pandemonium.
  4082 | Depths:1 | Noticed a tengu reaver
  4091 | Depths:1 | Killed a tengu reaver
  4092 | Depths:1 | Reached skill level 17 in Spellcasting
  4103 | Depths:1 | Noticed an ancient champion
  4112 | Depths:1 | Killed an ancient champion
  4113 | Depths:1 | Noticed Frederick
  4117 | Depths:1 | Killed Frederick
  4118 | Depths:1 | Gained mutation: You passively map a large area around you.
                  | [Meteoran growth]
  4118 | Depths:1 | Reached XP level 18. HP: 139/160 MP: 15/40
  4146 | Depths:1 | Reached skill level 18 in Spellcasting
  4208 | Depths:2 | Reached skill level 19 in Spellcasting
  4220 | Depths:3 | Found a one-way gateway to a ziggurat.
  4232 | Depths:3 | Noticed a sphinx
  4239 | Depths:3 | Killed a sphinx
  4246 | Depths:3 | Reached skill level 20 in Spellcasting
  4295 | Depths:4 | Entered Level 4 of the Depths
  4331 | Depths:4 | Noticed a golden dragon
  4347 | Depths:4 | Killed a golden dragon
  4348 | Depths:4 | Reached skill level 21 in Spellcasting
  4356 | Depths:4 | Noticed a caustic shrike
  4358 | Depths:4 | Noticed a caustic shrike
  4363 | Depths:4 | Killed a caustic shrike
  4364 | Depths:4 | Reached XP level 19. HP: 136/167 MP: 3/45
  4365 | Depths:4 | Killed a caustic shrike
  4366 | Depths:4 | Noticed a caustic shrike
  4372 | Depths:4 | Killed a caustic shrike
  4381 | Depths:4 | Noticed a golden dragon
  4403 | Depths:4 | Found a gate to the Realm of Zot.
  4403 | Depths:4 | Noticed a golden dragon
  4404 | Depths:4 | Killed a golden dragon
  4405 | Depths:4 | Killed a golden dragon
  4406 | Depths:4 | Reached skill level 22 in Spellcasting
  4447 | Depths:3 | Noticed a quicksilver dragon
  4457 | Depths:3 | Killed a quicksilver dragon
  4487 | Depths:3 | Found a gateway to Hell.
  4682 | Depths:3 | Noticed a dread lich
  4685 | Depths:3 | Found a one-way gate to the infinite horrors of the Abyss.
  4697 | Depths:3 | Voluntarily entered the Abyss.
  4706 | Abyss:1  | Found a corrupted altar of Lugonu.
  4716 | Abyss:2  | Found a corrupted altar of Lugonu.
  4761 | Abyss:2  | Found a corrupted altar of Lugonu.
  4784 | Abyss:3  | Found a corrupted altar of Lugonu.
  4890 | Abyss:5  | Found a glowing golden altar of the Shining One.
  4948 | Abyss:5  | Reached XP level 20. HP: 155/174 MP: 14/47
  5047 | Abyss:5  | Quit the game

Illustrated notes

Levels and vault maps discovered:
D:1:      dpeg_arrival_more_subterranean_lakeside_camping, layout_basic,
          ebering_ecumenical_altar_box, serial_shops, shop_fountains,
          chequers_serial_rivers_large_b
D:2:      layout_rooms, minivault_11, st_stairs_2, uniq_terence
D:3:      layout_basic
D:4:      layout_loops_ring, temple_green, gup_sewer_entry_spiral
D:5:      layout_layer_cave, nicolae_shop_firing_range
D:6:      layout_cave_pools, mainiacjoe_overflow_alcove_4, lemuel_round_altar,
          serial_rivers, chequers_serial_rivers_micro_c,
          chequers_serial_rivers_micro_c, chequers_serial_rivers_micro_a,
          chequers_serial_rivers_micro_a
D:7:      nzn_winding_woodlands_cross
          [nzn_winding_woodlands_5x15_pathside_ponds,
          nzn_winding_woodlands_5x15_river_crossing,
          nzn_winding_woodlands_5x15_sawtooth,
          nzn_winding_woodlands_5x15_concentric,
          nzn_winding_woodlands_15x15_eel_pit], layout_cave_pools,
          lemuel_crystal_altar, mainiacjoe_overflow_six_doors_small,
          kennysheep_little_box, nicolae_hepliaklqana_hazy_memory,
          cheibriados_altar_2, serial_shops, shop, serial_gnoll_camp,
          gnoll_camp_huts_basic, gnoll_camp_mini_hut, gnoll_camp_mini_sergeant,
          gnoll_camp_mini_loothouse, gnoll_camp_mini_house
D:8:      layout_cave_pools, general_overflow_altar, lair_entry_dummy,
          enter_ossuary_5, serial_shops, nicolae_shop_trees,
          nicolae_wooded_promenade
D:9:      layout_loops_ring
D:10:     layout_basic, ashenzari_altar_1, lemuel_crystal_altar, uniq_amaemon
D:11:     layout_cave_pools, nicolae_ru_sacrificial_ziggurat
D:12:     gammafunk_mikee_crab_dinner, layout_irregular_city, erik_orc_1,
          nicolae_uskayaw_dance_hall
D:13:     layout_layer_cave, minmay_misc_feat_hallway
D:14:     nicolae_hexawheel, layout_basic, david_vaults_4, nicolae_eternal_life
D:15:     hangedman_depths_entry_civil_slaughter, layout_layer_cave,
          eino_small_chamber_without_monster
Temple:   nicolae_temple_godzebo
Lair:1:   dreamdust_cave_troll, layout_gridlike, dpeg_stationary_puzzle,
          grunt_megastairs_3
Lair:2:   layout_small_grid, nicolae_swamp_entry_splash_gauntlet,
          dummy_snake_entry
Lair:3:   kb_forest_paths, layout_regular_city, enter_volcano_2, worms_lemuel,
          infiniplex_staircase_pool_2
Lair:4:   layout_loops_ring, minmay_lindwurm_lava
Lair:5:   hangedman_lair_tendril_chambers, layout_long_grid,
          dpeg_slime_entry_enclosed, gauntlet_entry_generic, minivault_19,
          st_stairs_12, eino_small_chamber_without_monster,
          serial_bayou_crossing
Swamp:1:  layout_falls_marsh, ebering_ghost_funeral_grove,
          evilmike_swamp_ruin_rubble_2, swamp_pool4, infiniplex_staircase_pool,
          uniq_mlioglotl
Swamp:2:  layout_basic_swamp, portal_ice_cave_entry_frozen_things,
          evilmike_swamp_ruin_house_1
Swamp:3:  layout_falls_marsh, evilmike_swamp_ruin_house_2, uniq_kirke
Swamp:4:  swamp, layout_basic_swamp
Slime:1:  layout_caves, basic_altar
Slime:2:  layout_caves
Slime:3:  layout_caves
Slime:4:  layout_caves
Slime:5
Depths:1: layout_basic, enter_trove_3, pan_entry, serial_shops,
          nicolae_shop_crystal, abyss_entry, lemuel_tele_altar,
          lightli_too_deep, sword_in_stone, roderic_lattice_octagonal_star,
          firewood_loft
Depths:2: minmay_spriggan_fort, layout_cave_shapes, grunt_pan_entry_in_and_out,
          grunt_decor_one_mirror, hell_entry, infiniplex_staircase_pillars_2,
          minmay_shop_grove, serial_bayou_shore_a
Depths:3: minmay_tile_spiral, layout_cave_pools, enter_ziggurat_a,
          hangedman_coc_ice_floe, special_room [special_room_morgue],
          hangedman_abyss_entry_splay, grunt_decor_junction
Depths:4: grunt_twist_and_shout, layout_basic, basic_altar,
          hangedman_tar_grid_catacomb, uniq_xtahua, uniq_josephina, uniq_margery
Abyss:5:  base: D:7, base: Snake:4, evilmike_abyss_rune_tso_outpost,
          evilmike_abyss_exit_glass, evilmike_abyss_rune_tso_outpost,
          hangedman_relentless_pull

Skill      XL: |  1  2  3  4  5  6  7  8  9 10 11 12 13 14 15 16 17 18 19 20 |
---------------+-------------------------------------------------------------+-----
Earth Magic    | 4 5 6 7 |  7.0
Conjurations   | 1 2 4 6 |  6.0
Spellcasting   | 5 9 10 11 14 17 21 22 | 22.8
Necromancy     | 5 7 11 12 15 17 18 | 18.2
Fighting       | 3 8 11 14 | 14.0
Ice Magic      | 5 8 9 |  9.0
Armour         | 3 6 9 |  9.2
Evocations     | 6 |  6.0
Dodging        | 11 | 11.7
Translocations | 6 |  6.2
Stealth        | |  1.4
Transmutations | |  1.2

Action                   |  1- 3 |  4- 6 |  7- 9 | 10-12 | 13-15 | 16-18 | 19-21 || total
-------------------------+-------+-------+-------+-------+-------+-------+-------++-------
Melee: Staff             |       |    11 |     1 |     3 |     4 |     3 |     1 ||    23
Throw: Dart              |       |       |     2 |       |       |       |       ||     2
 Cast: Sandblast         |    13 |    64 |    55 |    43 |    21 |     6 |     2 ||   204
       Passwall          |       |     5 |    16 |     8 |     3 |    32 |     2 ||    66
       Stone Arrow       |       |     3 |     8 |    27 |     9 |    34 |    15 ||    96
       Static Discharge  |       |       |    17 |    37 |     1 |       |       ||    55
       Dispel Undead     |       |       |     2 |    12 |     2 |    12 |    11 ||    39
       Animate Dead      |       |       |       |     5 |     8 |     8 |       ||    21
       Sublimation of Bl |       |       |       |     3 |       |    27 |    22 ||    52
       Anguish           |       |       |       |     6 |     5 |     5 |     6 ||    22
       Borgnjor's Vile C |       |       |       |    18 |    14 |    32 |    30 ||    94
       Death Channel     |       |       |       |     6 |    10 |    14 |     9 ||    39
       Simulacrum        |       |       |       |     1 |    62 |    89 |    36 ||   188
       Passage of Golubr |       |       |       |       |       |    56 |    94 ||   150
       Blink             |       |       |       |       |       |     1 |       ||     1
Invok: Unearth Wretches  |       |       |       |     5 |    11 |    22 |    13 ||    51
Evoke: Phantom mirror    |       |       |       |       |     2 |     1 |       ||     3
       Wand              |       |       |       |       |       |       |     1 ||     1
  Use: Potion            |     1 |     3 |       |     2 |     6 |     4 |     6 ||    22
       Scroll            |       |       |     5 |     9 |     5 |    11 |     4 ||    34
Armor: Robe              |     2 |    42 |     5 |       |       |       |       ||    49
       Steam dragon scal |       |       |     4 |       |       |       |       ||     4
       Acid dragon scale |       |       |       |    54 |    14 |    57 |     2 ||   127
       Quicksilver drago |       |       |       |       |       |       |    38 ||    38
Dodge: Dodged            |     3 |    64 |    19 |    75 |    26 |    76 |    39 ||   302

Table legend: (Time is in decaauts)
 A = Elapsed time spent in this place.
 B = Non-inter-level travel time spent in this place.
 C = Inter-level travel time spent in this place.
 D = Time resting spent in this place.
 E = Time spent auto-exploring this place.
 F = Levels seen in this place.
 G = Mean time per level.
                   A        B        C        D        E       F      G
               +--------+--------+--------+--------+--------+-----+--------+
         Total |   5193 |   5140 |     53 |      0 |      0 |  42 |  123.6 |
       Dungeon |   1871 |   1871 |      0 |      0 |      0 |  15 |  124.7 |
        Temple |     58 |     30 |     28 |      0 |      0 |   1 |   58.0 |
          Lair |   1067 |   1060 |      7 |      0 |      0 |   5 |  213.4 |
         Swamp |    359 |    359 |      0 |      0 |      0 |   4 |   89.8 |
    Slime Pits |    422 |    404 |     18 |      0 |      0 |   5 |   84.4 |
        Depths |    611 |    611 |      0 |      0 |      0 |   4 |  152.8 |
         Abyss |    350 |    350 |      0 |      0 |      0 |   5 |   70.0 |
         Sewer |    257 |    257 |      0 |      0 |      0 |   1 |  257.0 |
       Ossuary |    126 |    126 |      0 |      0 |      0 |   1 |  126.0 |
      Gauntlet |     68 |     68 |      0 |      0 |      0 |   1 |   68.0 |
               +--------+--------+--------+--------+--------+-----+--------+

Top non-repeatable levels by time:
  Lair:5: 450 daAuts
    D:12: 412 daAuts
Depths:3: 380 daAuts
     D:4: 305 daAuts
 Slime:5: 267 daAuts
     D:5: 265 daAuts
   Sewer: 257 daAuts
 Abyss:5: 229 daAuts
  Lair:3: 199 daAuts
  Lair:4: 194 daAuts
     D:9: 169 daAuts
  Lair:2: 161 daAuts
 Swamp:3: 128 daAuts
     D:8: 127 daAuts
 Ossuary: 126 daAuts

Table legend:
 A = Kills in this place as a percentage of kills in entire the game.
 B = Kills by you in this place as a percentage of kills by you in the entire game.
 C = Kills by friends in this place as a percentage of kills by friends in the entire game.
 D = Other kills in this place as a percentage of other kills in the entire game.
 E = Experience gained in this place as a percentage of experience gained in the entire game.
 F = Experience gained in this place divided by the number of levels of this place that you have seen.
                   A       B       C       D       E      F
               +-------+-------+-------+-------+-------+----------------------
         Total | 100.0 | 100.0 | 100.0 | 100.0 | 100.0 | 7005.4
       Dungeon |  29.3 |  54.6 |  12.4 |   5.3 |  12.7 | 2481.9
          Lair |  15.8 |  12.9 |  15.8 |  57.9 |  10.1 | 5957.6
         Swamp |  10.3 |   1.8 |  16.8 |   0.0 |  15.3 | 11283.5
    Slime Pits |   9.9 |   0.4 |  17.1 |   0.0 |  15.6 | 9178.2
        Depths |  18.5 |   3.7 |  28.4 |  31.6 |  37.3 | 27416.2
         Abyss |   6.9 |   4.8 |   8.7 |   0.0 |   7.9 | 4646.4
         Sewer |   4.3 |  10.7 |   0.0 |   0.0 |   0.1 | 266.0
       Ossuary |   3.9 |   9.6 |   0.0 |   0.0 |   0.2 | 480.0
      Gauntlet |   1.2 |   1.5 |   0.8 |   5.3 |   0.9 | 2541.0
               +-------+-------+-------+-------+-------+----------------------
